 Dungeon Crawl Stone Soup version 0.31-a0-4-gefa6de2278 (webtiles) character file.

Game seed: 17233167539521521083

25095 jasper the Fighter (level 12, 0/103 HPs)
             Began as a Demonspawn Air Elementalist on May 3, 2023.
             Was an Elder of Vehumet.
             Slain by a death yak (15 damage)
             ... on level 2 of the Lair of Beasts.
             The game lasted 00:26:57 (19931 turns).

jasper the Fighter (Demonspawn Air Elementalist)   Turns: 19931, Time: 00:26:58

Health: 0/103      AC: 10    Str: 15    XL:     12   Next: 86%
Magic:  6/16       EV: 11    Int: 26    God:    Vehumet [****..]
Gold:   193        SH: 12    Dex: 16    Spells: 7/17 levels left

rFire   . . .        y - staff of air
rCold   . . .        j - +0 kite shield
rNeg    . . .        a - +2 robe {Archmagi}
rPois   +            s - +0 helmet
rElec   +            S - +2 cloak
rCorr   .            Y - +0 pair of gloves {Dex+3}
SInv    .            (no boots)
Will    .....        P - amulet of regeneration
Stlth   ++           X - ring "Poymief" {rPois Str+4}
HPRegen 1.17/turn    z - +6 ring of intelligence
MPRegen 0.15/turn

%: archmagi
@: mighty
A: ignite blood 1, powered by pain 1, sharp scales 1, demonic touch 2
a: Renounce Religion


You were on level 2 of the Lair of Beasts.
You worshipped Vehumet.
Vehumet was greatly pleased with you.
You visited 3 branches of the dungeon, and saw 14 of its levels.
You also visited: Sewer and Ossuary.

You collected 784 gold pieces.
You spent 591 gold pieces at shops.

Inventory:

Missiles
 f - 44 poisoned darts
 E - 3 throwing nets
Armour
 a - a +2 robe of the Archmagi (worn)
 j - a +0 kite shield (worn)
 q - a +0 animal skin
 s - a +0 helmet (worn)
 t - a +0 troll leather armour {Pargi}
 B - a +0 cloak
 R - a scarf of repulsion
 S - a +2 cloak (worn)
 Y - a +0 pair of gloves of dexterity (worn)
Magical Staves
 g - a staff of earth
 y - a staff of air (weapon)
Jewellery
 l - a +6 ring of intelligence
 n - a +5 ring of evasion
 r - a ring of wizardry
 x - an amulet of faith
 z - a +6 ring of intelligence (right hand)
 D - a +6 ring of strength
 G - an amulet of guardian spirit
 L - a ring of fire
 P - an amulet of regeneration (around neck)
 Q - a ring of resist corrosion
 X - the ring "Poymief" (left hand) {rPois Str+4}
   (You acquired it on level 10 of the Dungeon)

   [ring of poison resistance]

   Str:       It affects your strength (+4).
   rPois:     It protects you from poison.
Wands
 e - a wand of acid (4)
 p - a wand of paralysis (36)
 I - a wand of flame (20)
 K - a wand of mindburst (22)
 V - a wand of roots (3)
Scrolls
 d - 7 scrolls of identify
 k - a scroll of poison
 m - 5 scrolls of teleportation
 v - a scroll of fog
 w - 7 scrolls of blinking
 T - 3 scrolls of fear {unknown}
 W - a scroll of magic mapping
Potions
 b - 2 potions of magic
 c - a potion of might
 h - 10 potions of curing
 i - 3 potions of brilliance
 o - 3 potions of lignification
 u - 4 potions of invisibility
 A - 4 potions of flight
 C - 4 potions of degeneration
 F - a potion of resistance
 H - 2 potions of haste
 M - 4 potions of heal wounds
 N - 2 potions of berserk rage
 O - a potion of ambrosia
 U - a potion of mutation
 Z - a potion of attraction


   Skills:
 + Level 12.7 Fighting
 * Level 5.7 Staves
 - Level 1.7 Dodging
 - Level 1.7 Stealth
 - Level 12.0 Shields
 - Level 3.0 Spellcasting
 - Level 4.0 Conjurations
 - Level 7.8 Air Magic
 - Level 6.0 Evocations


You had 7 spell levels left.
You knew the following spells:

 Your Spells              Type           Power      Damage    Failure   Level
a - Shock                 Conj/Air       100%       1d9       1%          1
b - Static Discharge      Conj/Air       100%       2-7/arc   1%          2
c - Swiftness             Air            79%        N/A       2%          3
d - Airstrike             Air            39%        2d(6-22)  2%          4

Your spell library contained the following spells:

 Spells                   Type           Power      Damage    Failure   Level
 Fireball                 Conj/Fire      10%        3d6       50%         5
 Magic Dart               Conj           100%       1d8       1%          1
 Searing Ray              Conj           74%        2d7       1%          2
 Freeze                   Ice            20%        1d4       5%          1
 Dazzling Flash           Conj/Hex       42%        N/A       7%          3
 Hailstorm                Conj/Ice       21%        3d6       7%          3
 Frozen Ramparts          Ice            10%        1d2       16%         3
 Fulminant Prism          Conj/Hex       10%        3d8       21%         4
 Gell's Gravitas          Tloc           5%         N/A       50%         3
 Teleport Other           Tloc           5%         N/A       50%         3
 Silence                  Hex/Air        26%        N/A       71%         5
 Agony                    Necr           5%         N/A       99%         5
 Dispersal                Tloc           2%         N/A       100%        6


Dungeon Overview and Level Annotations

Branches:
Dungeon (11/15)            Temple (1/1) D:5            Lair (2/5) D:10
    Orc (0/2) D:11          Sewer (visited)         Ossuary (visited)
  Swamp: Lair:2-3    Shoals: Lair:2-3     Snake: Lair:2-3    Spider: Lair:2-3

Altars:
Ashenzari
Cheibriados
Dithmenos
Fedhas
Gozag
Hepliaklqana
Kikubaaqudgha
Makhleb
Nemelex Xobeh
Okawaru
Qazlal
Ru
Sif Muna
Trog
Uskayaw
Vehumet
Wu Jian
Xom
Yredelemnul

Shops:
D:4 !*   D:5 =   D:6 [[   D:7 [

Annotations:
D:9 2 transporters, exclusions: ice statue and oklob plant, Wulfey's ghost, journeyman DjFE
Temple 2 transporters


Innate Abilities, Weirdness & Mutations

Your demonic aura sometimes causes spilled blood to erupt in flames.
You sometimes gain a little power by taking damage.
You are partially covered in razor-sharp scales. (AC +1, Slay +1)
Your touch may inflict irresistible damage on your foes.


Message History

You hit the death yak!
The death yak is almost dead.
The death yak misses you. The death yak gores you!!
You take 20 damage, and have 54/103 hp.
You hit the death yak!
The death yak is electrocuted!
You kill the death yak!
Vehumet accepts your kill.
You regained 2 hp, and now have 56/103 hp.
You hit the death yak but do no damage.
The death yak is electrocuted!
The death yak is lightly wounded.
The death yak barely misses you.
You hit the death yak!
The death yak is moderately wounded.
The death yak gores you but does no damage.
You hit the death yak.
The death yak is electrocuted!
The death yak is heavily wounded.
The death yak gores you!!
You take 18 damage, and have 40/103 hp.
Casting: Airstrike (mildly dangerous; 2% risk of failure)
Confirm with . or Enter, or press ? or * to list all spells.
Okay, then.
You hit the death yak.
The death yak is electrocuted.
The death yak is severely wounded.
You block the death yak's attack.
You barely miss the death yak.
The death yak is severely wounded.
The death yak gores you!
You take 10 damage, and have 31/103 hp.
You barely miss the death yak.
The death yak is severely wounded.
You block the death yak's attack.
You regained 2 hp, and now have 33/103 hp.
You barely miss the death yak.
The death yak is heavily wounded.
The death yak gores you!!
* * * LOW HITPOINT WARNING * * *
You take 19 damage, and have 14/103 hp.
The death yak attacks as you move away! The death yak barely misses you.
The death yak attacks as you move away! The death yak gores you!
You die...

#....~~~.## ##....# ##..P~.P.#
#....# #......## ####....#####
#######
##....♣.P####..#....#...###P#.#..
....♣............................
.................................
............................<....
................>................
..###.P#......##@#.##.....##.##.#
### ######....#Y########.########
#####..(..###### ### ## .
######.#.#.....##.#P####P#..# ##
............†................ .
............................. .
............................. .
............................. ..
####.#####.#.....#######..###


You could see a death yak.

Vanquished Creatures
  Harold (D:10)
  A centaur warrior (D:11)
  Erica (D:11)
  3 death yaks (Lair:2)
  3 two-headed ogres
  A cyclops (D:9)
  2 black mambas (Lair:1)
  Joseph (D:7)
  Maggie (Lair:2)
  4 cane toads
  A kobold demonologist (D:10)
  7 komodo dragons
  A rime drake (Lair:2)
  A troll (D:11)
  A polar bear (Lair:2)
  Grinder (D:4)
  2 hornets
  3 blink frogs (Lair:1)
  Sigmund (D:5)
  2 shadows (D:10)
  A wyvern (D:9)
  A wraith (D:11)
  10 yaks
  Eustachio (D:4)
  5 vampire mosquitoes (D:10)
  3 basilisks
  2 two-headed ogre zombies (D:11)
  Duvessa (D:6)
  3 sky beasts
  7 water moccasins
  4 orc warriors
  Pargi (Sewer)
  4 centaurs
  3 phantoms
  2 kobold brigands (D:9)
  2 elf zombies (Ossuary)
  8 bullfrogs
  A gnoll sergeant (D:10)
  2 scorpions
  15 wights
  Dowan (D:6)
  14 killer bees
  A troll zombie (D:11)
  2 vampire bats (Lair:2)
  6 howler monkeys
  A centaur zombie (Ossuary)
  4 hounds
  A gnoll bouda (D:4)
  A jelly (D:5)
  4 orc priests
  Crazy Yiuf (D:3)
  2 human zombies (Ossuary)
  3 sleepcaps
  An iguana (D:6)
  9 orc wizards
  5 ogre zombies (D:11)
  2 mummies (Ossuary)
  Robin (D:3)
  15 gnolls
  10 adders
  A white imp (D:6)
  An ufetubus (D:5)
  2 adder zombies (Ossuary)
  3 worms
  2 dart slugs
  32 orcs
  10 ball pythons
  15 bats
  10 endoplasms
  5 giant cockroaches
  21 goblins
  8 hobgoblins
  6 jackals (D:2)
  10 kobolds
  2 quokkas
  6 frilled lizards
  9 goblin zombies
  11 hobgoblin zombies
  A jackal zombie (Ossuary)
  11 kobold zombies (Ossuary)
  An orc skeleton (D:11)
  19 orc zombies
  2 rats (D:3)
386 creatures vanquished.

Vanquished Creatures (others)
  10 fungi
  10 plants
20 creatures vanquished.

Grand Total: 406 creatures vanquished

Notes
Turn   | Place    | Note
-------+----------+-------------------------------------------
     0 | D:1      | jasper the Demonspawn Air Elementalist began the quest for
                  | the Orb.
     0 | D:1      | Reached XP level 1. HP: 13/13 MP: 3/3
   224 | D:1      | Gained mutation: Your touch may inflict minor irresistible
                  | damage on your foes. [demonic ancestry]
   224 | D:1      | Reached XP level 2. HP: 19/20 MP: 0/5
   227 | D:1      | Learned a level 2 spell: Static Discharge
   481 | D:1      | Found a faded altar of an unknown god.
   746 | D:1      | Reached skill level 1 in Fighting
  1398 | D:1      | Reached XP level 3. HP: 15/26 MP: 0/6
  1456 | D:1      | Learned a level 3 spell: Swiftness
  1466 | D:2      | Identified the +0 mace of Egomania {freeze, rF- Dex+4}
  2227 | D:2      | Gained mutation: You are partially covered in razor-sharp
                  | scales. (AC +1, Slay +1) [demonic ancestry]
  2227 | D:2      | Reached XP level 4. HP: 23/32 MP: 1/7
  2681 | D:3      | Found a glowing drain.
  2734 | D:3      | Noticed Robin
  2821 | D:3      | Killed Robin
  2844 | Sewer    | Entered a sewer
  2919 | Sewer    | Noticed Pargi
  2939 | Sewer    | Killed Pargi
  2940 | Sewer    | Reached XP level 5. HP: 21/39 MP: 0/9
  2958 | Sewer    | Learned a level 4 spell: Airstrike
  3617 | D:3      | Noticed a sky beast
  3637 | D:3      | Killed a sky beast
  3638 | D:3      | Reached XP level 6. HP: 47/47 MP: 8/10
  3669 | D:3      | Found a stormy altar of Qazlal.
  4129 | D:3      | Found a runed translucent door.
  4130 | D:3      | Noticed Crazy Yiuf
  4381 | D:3      | Killed Crazy Yiuf
  4602 | D:4      | Found a basalt altar of Yredelemnul.
  4604 | D:4      | Noticed Grinder
  4620 | D:4      | Killed Grinder
  4621 | D:4      | Gained mutation: You sometimes gain a little power by
                  | taking damage. [demonic ancestry]
  4621 | D:4      | Reached XP level 7. HP: 24/53 MP: 1/11
  4782 | D:4      | Found Piwaufob's Distillery.
  4788 | D:4      | Bought a potion of curing for 30 gold pieces
  4788 | D:4      | Bought a potion of curing for 30 gold pieces
  4788 | D:4      | Bought a potion of heal wounds for 50 gold pieces
  4788 | D:4      | Bought a potion of invisibility for 80 gold pieces
  4947 | D:4      | Found Miora's Assorted Antiques.
  4954 | D:4      | Bought a bubbling yellow potion for 22 gold pieces
  5134 | D:4      | Reached skill level 5 in Air Magic
  5234 | D:4      | Identified the +0 spear "Vusom" {antimagic, rElec}
  5255 | D:4      | HP: 3/81 [gnoll bouda/+0 whip (8)]
  5321 | D:4      | Noticed Eustachio
  5342 | D:4      | Killed Eustachio
  5908 | D:5      | Entered Level 5 of the Dungeon
  5908 | D:5      | Found a sparkling altar of Nemelex Xobeh.
  5908 | D:5      | Found a bloodstained altar of Trog.
  5908 | D:5      | Found an opulent altar of Gozag.
  5908 | D:5      | Found a blossoming altar of Fedhas.
  5959 | D:5      | Identified a scroll of acquirement
  5959 | D:5      | Acquired a staff of air
  6078 | D:5      | Gained mutation: Your touch may inflict irresistible damage
                  | on your foes. [demonic ancestry]
  6078 | D:5      | Reached XP level 8. HP: 61/61 MP: 7/12
  6124 | D:5      | Found Sootopur's Jewellery Boutique.
  6179 | D:5      | Found a sand-covered staircase.
  6188 | Ossuary  | Entered an ossuary
  6487 | Ossuary  | Reached skill level 5 in Fighting
  7383 | D:5      | Found a staircase to the Ecumenical Temple.
  7434 | Temple   | Entered the Ecumenical Temple
  7434 | Temple   | Found a transporter.
  7434 | Temple   | Found a transporter.
  7436 | Temple   | Found a transporter.
  7436 | Temple   | Found a transporter.
  7456 | Temple   | Became a worshipper of Vehumet
  7628 | D:5      | Noticed Sigmund
  7634 | D:5      | Killed Sigmund
  7812 | D:6      | Reached skill level 1 in Shields
  8071 | D:6      | Noticed Duvessa
  8071 | D:6      | Noticed Dowan
  8080 | D:6      | Killed Duvessa
  8085 | D:6      | Killed Dowan
  8086 | D:6      | Reached XP level 9. HP: 71/71 MP: 0/13
  8292 | D:6      | Found Citipnav's Armour Boutique.
  8394 | D:6      | Found Koleoruh's Antique Armour Shoppe.
  9045 | D:7      | Found a hide-covered altar of Uskayaw.
  9337 | D:7      | Reached * piety under Vehumet
  9337 | D:7      | Offered knowledge of Kiss of Death by Vehumet.
  9690 | D:7      | Reached skill level 5 in Shields
  9808 | D:7      | Noticed Joseph
  9812 | D:7      | Killed Joseph
 10054 | D:7      | Found Zaixeruz's Antique Armour Shoppe.
 10062 | D:7      | Bought a runed scarf for 192 gold pieces
 10096 | D:7      | Found a burning altar of Makhleb.
 10237 | D:7      | Gained mutation: Your demonic aura sometimes causes spilled
                  | blood to erupt in flames. [demonic ancestry]
 10237 | D:7      | Reached XP level 10. HP: 84/84 MP: 14/14
 10669 | D:8      | Reached skill level 10 in Shields
 11056 | D:8      | Noticed a two-headed ogre
 11085 | D:8      | Killed a two-headed ogre
 11086 | D:8      | Reached skill level 10 in Fighting
 11086 | D:8      | Reached XP level 11. HP: 73/90 MP: 0/15
 11514 | D:9      | Found a transporter.
 11579 | D:9      | Found a shimmering blue altar of Sif Muna.
 11609 | D:9      | Offered knowledge of Scorch by Vehumet.
 11676 | D:9      | Reached ** piety under Vehumet
 11972 | D:9      | Paralysed by a hornet for 3 turns
 12257 | D:9      | Noticed Wulfey's ghost (journeyman DjFE)
 12259 | D:9      | Found a transporter.
 12263 | D:9      | Noticed a centaur warrior
 12263 | D:9      | Noticed a boulder beetle
 12365 | D:9      | Noticed an oklob plant
 12366 | D:9      | Noticed a boulder beetle
 12774 | D:10     | Entered Level 10 of the Dungeon
 12776 | D:10     | Found a staircase to the Lair.
 12833 | D:10     | Noticed Harold
 12849 | D:10     | Killed Harold
 13269 | D:4      | Bought a pair of runed gloves for 187 gold pieces
 13424 | Lair:1   | Entered Level 1 of the Lair of Beasts
 13661 | D:10     | Offered knowledge of Volatile Blastmotes by Vehumet.
 13790 | D:10     | Found a hazy altar of Hepliaklqana.
 14358 | D:10     | Acquired the ring "Poymief" {rPois Str+4}
 14633 | D:11     | Noticed a two-headed ogre
 14901 | D:11     | Reached skill level 1 in Evocations
 14909 | D:11     | Noticed a centaur warrior
 15020 | D:11     | Killed a centaur warrior
 15027 | D:11     | Found a staircase to the Orcish Mines.
 15032 | D:11     | Reached *** piety under Vehumet
 15262 | D:11     | Noticed Erica
 15265 | D:11     | Killed Erica
 15493 | D:11     | Noticed a two-headed ogre
 15508 | D:11     | Killed a two-headed ogre
 15509 | D:11     | Reached XP level 12. HP: 100/100 MP: 0/16
 15701 | D:11     | Killed a two-headed ogre
 16362 | D:11     | Reached skill level 5 in Evocations
 16831 | D:11     | Offered knowledge of Flame Wave by Vehumet.
 17595 | Lair:1   | Reached skill level 1 in Staves
 18835 | Lair:2   | Noticed Maggie
 18844 | Lair:2   | Killed Maggie
 19295 | Lair:2   | Reached **** piety under Vehumet
 19388 | Lair:2   | Noticed a death yak
 19406 | Lair:2   | Killed a death yak
 19476 | Lair:2   | Reached skill level 5 in Staves
 19611 | Lair:2   | Offered knowledge of Fireball by Vehumet.
 19890 | Lair:2   | Noticed a death yak
 19891 | Lair:2   | Noticed a death yak
 19891 | Lair:2   | Noticed a death yak
 19893 | Lair:2   | Killed a death yak
 19922 | Lair:2   | Killed a death yak
 19931 | Lair:2   | Slain by a death yak

Illustrated notes

Levels and vault maps discovered:
D:1:      saegor_arrival_simple_e, layout_basic,
          hellmonk_ecumenical_altar_heavens_door, serial_forest,
          infiniplex_forest_lined_ring, infiniplex_forest_straight_5,
          infiniplex_forest_clump_cross, infiniplex_forest_clump_tiny,
          infiniplex_forest_pool
D:2:      layout_loops_cross, roderic_serpentine_path
D:3:      layout_loops_ring, nicolae_qazlal_beasts_of_the_sky,
          cheibrodos_sewer_entry_drain, grunt_ministairs_11, chequers_jeans,
          uniq_robin, uniq_crazy_yiuf_cottage
D:4:      layout_cave_pods, mainiacjoe_overflow_cross_hatched, serial_shops,
          shop, shop, kennysheep_crisscross, grunt_ministairs_9, uniq_grinder,
          uniq_eustachio
D:5:      layout_loops_cross, chequers_temple_overflow_statue_of_worship,
          minmay_temple_entry_waves, serial_shops, shop,
          chequers_ossuary_entry_cave, uniq_sigmund
D:6:      layout_loops_ring, serial_shops, nicolae_square_shop, shop,
          uniq_duvessa
D:7:      layout_rooms, lightli_temple_of_fire, amcnicky_altar_gilded,
          serial_glass, glass_columns_a, glass_columns_a, serial_shops, shop,
          uniq_joseph
D:8:      layout_loops_cross
D:9:      layout_irregular_city, mainiacjoe_overflow_large_starburst,
          nzn_ghost_randoct
D:10:     layout_gridville, kennysheep_mini_moat, lair_entry_dummy,
          dreamdust_princess_corridor, uniq_harold
D:11:     layout_grid_maze, zombieorc2_lemuel, uniq_erica
Temple:   hellmonk_temple_divided_pantheon
Lair:1:   layout_layer_cave, grunt_megastairs_5
Lair:2:   layout_long_grid, elwin_shoals_entry_rooms,
          dreamdust_mushroom_princess, serial_bayou_pond_a, roderic_batcave,
          uniq_maggie

Skill      XL: |  1  2  3  4  5  6  7  8  9 10 11 12 |
---------------+-------------------------------------+-----
Fighting       | 1 2 3 4 6 9 10 11 12 | 12.7
Conjurations   | 2 4 |  4.0
Spellcasting   | 3 |  3.0
Air Magic      | 3 4 6 7 |  7.8
Shields        | 2 9 10 12 | 12.0
Evocations     | 3 6 |  6.0
Staves         | 5 |  5.7
Dodging        | |  1.7
Stealth        | |  1.7

Action                     |  1- 3 |  4- 6 |  7- 9 | 10-12 || total
---------------------------+-------+-------+-------+-------++-------
  Melee: Hand axe          |    21 |    10 |       |       ||    31
         Touch             |     2 |     4 |    11 |       ||    17
         War axe           |       |    20 |    25 |       ||    45
         Rapier            |       |       |     1 |       ||     1
         Staff             |       |       |    23 |   155 ||   178
   Cast: Shock             |    77 |   112 |   339 |   311 ||   839
         Airstrike         |       |       |    11 |    94 ||   105
         Static Discharge  |       |       |       |    80 ||    80
         Swiftness         |       |       |       |     1 ||     1
  Evoke: Wand              |       |     9 |     5 |     6 ||    20
    Use: Scroll            |     1 |     4 |    13 |     9 ||    27
         Potion            |       |       |     6 |       ||     6
   Stab: Paralysed         |       |     8 |       |       ||     8
 Armour: Robe              |     9 |     9 |       |    24 ||    42
         Troll leather arm |       |     5 |    51 |    69 ||   125
         Skin              |       |       |    28 |       ||    28
  Dodge: Dodged            |    29 |    47 |   116 |   137 ||   329
  Block: Kite shield       |       |       |       |   213 ||   213

Table legend: (Time is in decaauts)
 A = Elapsed time spent in this place.
 B = Non-inter-level travel time spent in this place.
 C = Inter-level travel time spent in this place.
 D = Time resting spent in this place.
 E = Time spent auto-exploring this place.
 F = Levels seen in this place.
 G = Mean time per level.
                   A        B        C        D        E       F      G
               +--------+--------+--------+--------+--------+-----+--------+
         Total |  20066 |  19224 |    842 |    762 |  15786 |  16 | 1254.1 |
       Dungeon |  15722 |  14914 |    808 |    762 |  12031 |  11 | 1429.3 |
        Temple |     37 |     28 |      9 |      0 |      1 |   1 |   37.0 |
          Lair |   3017 |   2992 |     25 |      0 |   2687 |   2 | 1508.5 |
         Sewer |    385 |    385 |      0 |      0 |    300 |   1 |  385.0 |
       Ossuary |    902 |    902 |      0 |      0 |    766 |   1 |  902.0 |
               +--------+--------+--------+--------+--------+-----+--------+

Top non-repeatable levels by time:
    D:10: 1969 daAuts
    D:11: 1917 daAuts
  Lair:1: 1755 daAuts
     D:4: 1573 daAuts
     D:3: 1501 daAuts
     D:1: 1461 daAuts
     D:6: 1438 daAuts
     D:9: 1328 daAuts
  Lair:2: 1261 daAuts
     D:8: 1255 daAuts
     D:2: 1153 daAuts
     D:7: 1142 daAuts
     D:5: 980 daAuts
 Ossuary: 902 daAuts
   Sewer: 385 daAuts
